 Dungeon Crawl Stone Soup version 0.30-a0-354-g6b83867211 (webtiles) character file.

Game seed: 12755160520200936484

74767 iguanaiguana the Unseen (level 15, -1/95 HPs)
             Began as a Kobold Hunter on Nov 8, 2022.
             Was a High Priest of Wu Jian.
             Slain by an orc high priest
             ... wielding a +0 short sword
              (6 damage)
             ... on level 2 of the Orcish Mines.
             The game lasted 01:21:34 (26318 turns).

iguanaiguana the Unseen (Kobold Hunter)            Turns: 26318, Time: 01:21:34

Health: -1/95      AC: 16    Str: 10    XL:     15   Next: 95%
Magic:  37/37      EV: 39    Int: 21    God:    Wu Jian [*****.]
Gold:   465        SH:  0    Dex: 25    Spells: 14/30 levels left

rFire   . . .      SeeInvis .    S - +12 short sword of Crystal {pain, rElec rPois}
rCold   . . .      Faith    .    (no shield)
rNeg    . . .      Spirit   .    J - +2 robe {Archmagi}
rPois   +          Reflect  .    s - +3 hat of Pondering {ponderous, Will+ MP+10 Int+5}
rElec   +          Harm     .    v - scarf {shadows}
rCorr   .          Rampage  .    j - +0 pair of gloves
Will    ++...      Archmagi +    c - +0 pair of boots
Stlth   +++.......               X - amulet of the acrobat
HPRegen 0.35/turn                b - +6 ring of intelligence
MPRegen 0.25/turn                Z - +7 ring of protection

@: in a heavenly storm, glowing, slow
A: small, no large weapons, nightstalker 3
a: Renounce Religion, Wall Jump, Serpent's Lash, Heavenly Storm


You were on level 2 of the Orcish Mines.
You worshipped Wu Jian.
Wu Jian was extremely pleased with you.
You visited 4 branches of the dungeon, and saw 20 of its levels.
You also visited: Sewer, Ossuary and Volcano.

You collected 2086 gold pieces.
You spent 1621 gold pieces at shops.

Inventory:

Hand Weapons
 Q - a +1 arbalest of flaming
 S - the +12 short sword of Crystal (weapon) {pain, rElec rPois}
   (You found it on level 5 of the Dungeon)

   In the hands of one skilled in necromantic magic, it inflicts extra damage on
   living creatures.
   rElec:     It insulates you from electricity.
   rPois:     It protects you from poison.
Missiles
 a - 3 silver boomerangs (quivered)
 i - 2 throwing nets
 H - 7 boomerangs
 R - 2 atropa-tipped darts
 T - 5 curare-tipped darts
Armour
 c - a +0 pair of boots (worn)
 j - a +0 pair of gloves (worn)
 s - the +3 hat of Pondering (worn) {ponderous, Will+ MP+10 Int+5}
   (You found it in a volcano)

   Int:       It affects your intelligence (+5).
   MP:        It affects your magic capacity (+10).
   Will:      It increases your willpower.
 v - a scarf of shadows (worn)
 x - the +2 robe of Vefoonoa {rElec rPois rC- Archmagi}
   (You bought it in a shop on level 1 of the Dungeon)

   rC:        It makes you vulnerable to cold.
   rElec:     It insulates you from electricity.
   rPois:     It protects you from poison.
   Archmagi:  It increases the power of your magical spells.
 J - a +2 robe of the Archmagi (worn)
Magical Staves
 p - a staff of fire
Jewellery
 b - a +6 ring of intelligence (left hand)
 U - a ring of protection from fire
 X - an amulet of the acrobat (around neck)
 Z - a +7 ring of protection (right hand)
Wands
 d - a wand of digging (5) {@v3}
 k - a wand of acid (4) {@v1}
 y - a wand of flame (8)
 z - a wand of iceblast (2) {@v2}
 Y - a wand of mindburst (18)
Scrolls
 e - 2 scrolls of brand weapon
 h - 4 scrolls of poison
 m - 6 scrolls of immolation
 n - 4 scrolls of vulnerability
 r - 7 scrolls of amnesia
 t - 5 scrolls of blinking {@r4}
 w - 5 scrolls of enchant weapon
 C - 4 scrolls of magic mapping {@r5}
 F - 11 scrolls of teleportation {@r3}
 L - a scroll of silence
 M - 5 scrolls of fear
 N - 2 scrolls of torment
 O - a scroll of summoning
 P - a scroll of identify {@r1}
 V - a scroll of enchant armour
 W - a scroll of butterflies
Potions
 f - 4 potions of mutation
 g - 14 potions of curing {@q1}
 l - 7 potions of might {@q3}
 o - a potion of flight
 q - 6 potions of brilliance
 u - a potion of haste {@q4}
 A - 4 potions of cancellation
 B - a potion of berserk rage
 D - 6 potions of resistance {@q5}
 E - a potion of magic
 G - 3 potions of lignification
 I - a potion of ambrosia


   Skills:
 - Level 11.6 Fighting
 - Level 10.0 Short Blades
 - Level 10.0 Ranged Weapons
 - Level 10.0 Dodging
 - Level 15.0 Stealth
 - Level 8.0 Spellcasting
 - Level 4.0 Conjurations
 + Level 12.3 Summonings
 - Level 4.0 Translocations
 - Level 8.0 Air Magic
 - Level 4.0 Poison Magic
 - Level 8.0 Evocations


You had 14 spell levels left.
You knew the following spells:

 Your Spells              Type           Power      Damage    Failure   Level
a - Blink                 Tloc           74%        N/A       2%          2
b - Summon Lightning Spi  Summ/Air       67%        N/A       1%          4
c - Mephitic Cloud        Conj/Pois/Air  46%        N/A       2%          3
d - Airstrike             Air            29%        2d(5-21)  3%          4
e - Swiftness             Air            58%        N/A       1%          3

Your spell library contained the following spells:

 Spells                   Type           Power      Damage    Failure   Level
 Magic Dart               Conj           100%       1d8       1%          1
 Call Imp                 Summ           74%        N/A       1%          2
 Momentum Strike          Conj/Tloc      74%        3d10      2%          2
 Lesser Beckoning         Tloc           74%        N/A       4%          3
 Animate Armour           Summ/Erth      100%       N/A       6%          4
 Sandblast                Erth           24%        2d8       8%          1
 Spider Form              Tmut/Pois      25%        N/A       11%         3
 Stone Arrow              Conj/Erth      50%        3d10      11%         3
 Ensorcelled Hibernation  Hex/Ice        24%        N/A       12%         2
 Passwall                 Tmut/Erth      10%        N/A       12%         2
 Sublimation of Blood     Necr           12%        N/A       12%         2
 Wereblood                Tmut           12%        N/A       12%         2
 Passage of Golubria      Tloc           37%        N/A       16%         4
 Lightning Bolt           Conj/Air       25%        1d41      19%         5
 Tukima's Dance           Hex            12%        N/A       24%         3
 Summon Hydra             Summ           37%        N/A       38%         7
 Anguish                  Hex/Necr       6%         N/A       61%         4
 Yara's Violent Unravell  Hex/Tmut       6%         3d5       91%         5
 Lehudib's Crystal Spear  Conj/Erth      12%        10d4      100%        8


Dungeon Overview and Level Annotations

Branches:
Dungeon (12/15) Zot: 25074  Temple (1/1) D:7 Zot: 5926    Lair (5/5) D:8 Zot: 20600
 Shoals (0/4) Lair:3       Spider (0/4) Lair:3        Slime (0/5) Lair:5
    Orc (2/2) D:10 Zot: 10609     Elf (0/3) Orc:2         Sewer (visited)
Ossuary (visited)         Volcano (visited)

Altars:
Ashenzari
Cheibriados
Dithmenos
Elyvilon
Fedhas
Gozag
Hepliaklqana
Kikubaaqudgha
Makhleb
Nemelex Xobeh
Okawaru
Qazlal
Ru
Sif Muna
Trog
Uskayaw
Vehumet
Wu Jian
Xom
Yredelemnul
Zin
The Shining One
Jiyva

Shops:
D:1 ?([:   D:2 =   D:12 :   Orc:1 *

Annotations:
D:3 exclusion: orc priest
D:6 exclusion: downstairs
D:7 3 runed translucent doors, hehateme's ghost, novice GnFi
D:9 2 runed translucent doors, exclusions: 2 doors and wizard
Lair:2 exclusion: 2 oklob plants


Innate Abilities, Weirdness & Mutations

You are small and have problems with some larger weapons.
You are completely attuned to the shadows.


Message History

The orc knight is heavily wounded.
You hit the orc knight but do no damage.
The orc knight is heavily wounded.
An orc warrior comes into view. It is wielding a +0 short sword.
The orc knight hits you with a +0 long sword!
* * * LOW HITPOINT WARNING * * *
a +0 club; a +0 chain mail
Okay, then.
Okay, then.
Okay, then.
You feel much better.
The orc knight roars a battlecry!
The orc knight goes into a battle-frenzy!
You hear a shout!
An orc high priest comes into view. It is wielding a +0 mace.
You spin and attack the orc knight repeatedly.
You hit the orc knight but do no damage.
The orc knight is heavily wounded.
You puncture the orc knight!
The orc knight is severely wounded.
You spin and attack the orc sorcerer repeatedly.
You hit the orc sorcerer.
The orc sorcerer is lightly wounded.
You puncture the orc sorcerer!
The orc sorcerer is heavily wounded.
You puncture the orc sorcerer!
The orc sorcerer is almost dead.
The sun demon hits you!
* * * LOW HITPOINT WARNING * * *
You are engulfed in flames!
* * * LOW HITPOINT WARNING * * *
The orc knight hits you with a +0 long sword!
* * * LOW HITPOINT WARNING * * *
An orc wizard comes into view. It is wielding a +0 dagger.
The orc knight roars a battlecry!
The orc warrior goes into a battle-frenzy!
An orc knight comes into view. It is wielding a +0 glaive.
An orc priest comes into view. It is wielding a +0 hand axe.
The orc high priest hits you with a +0 short sword.
You die...

......## *,,,,,,* *,,,,,***
.....## **,,,,** **,,,,,,**
....#.## **,,,,* *,,,,,,,,*
.......## *,,,,,* **,,*,,,**
...##...# *,,,,******,*,*,,,*
.......## **#####,*,**,,,,,,,,**
...##..##***,.§§☼##,,,,,,,,,,,,,*
....#...#*∩,,.☼§3§###,,,,,,,,,,,*
#......##,,,,.oo@o§☼#*,,*,,,,,,,,
....#..#∩,,,,.☼oooo§##**,,,,,,,,,
#.###..#∩,,,,o○o☼§o☼§##**,,,,,,*,
######.##,,,,÷.☼§☼☼☼§§#,,,,,,,,,,
###.##..#*∩,,,..§§#○§§##,,,,,,,,,
.#......####,,,.÷,##☼☼§#,,,,,,,*,
...........####,,*##☼§§#,,,*,,,,,
.##...........#*###§§§○#,,,,,,,,,
#.###..#...)#####☼§§§§##,,,*,,,,,


You could see 3 orc knights, 2 orc high priests, a sun demon (summoned), 2 orc
sorcerers, an orc warrior (strong), an orc priest and an orc wizard (strong).

Vanquished Creatures
  Gastronok (Lair:3)
  An orc warlord (Orc:1)
  Snorg (Orc:1)
  An ettin (Orc:2)
  A fire dragon (Lair:1)
  A hydra (Lair:2)
  A boulder beetle (D:11)
  A centaur warrior (D:10)
  10 death yaks
  4 two-headed ogres
  2 orc high priests
  A hell knight (Volcano)
  Nergalle (Orc:1)
  A goliath frog (Lair:5)
  A deep elf pyromancer (D:11)
  4 orc knights (Orc:2)
  A lindwurm (Lair:4)
  3 orc sorcerers
  5 ugly things
  2 cyclopes
  2 molten gargoyles (Volcano)
  A black mamba (Lair:3)
  2 gargoyles
  A merfolk siren (Lair:3)
  Maurice (D:11)
  23 elephants
  A smoke demon (Volcano)
  17 cane toads
  The ghost of Maxmaps the Insei, a novice DsGl (D:5)
  Maggie (Lair:1)
  Psyche (D:11)
  A freezing wraith (D:10)
  7 komodo dragons
  3 rime drakes
  4 polar bears
  3 trolls
  A tyrant leech (Lair:5)
  A merfolk (Lair:3)
  A hornet (D:8)
  27 blink frogs
  12 dream sheep (Lair:5)
  A jumping spider (Lair:3)
  3 shadows
  A culicivora (Lair:3)
  9 wyverns
  35 yaks
  3 basilisks
  A fire bat (Volcano)
  3 steam dragons
  A redback (Lair:3)
  5 vampire mosquitoes (Lair:5)
  Menkaure (D:5)
  3 wargs
  An acid dragon (D:7)
  Edmund (D:4)
  17 water moccasins
  2 hell hounds (Volcano)
  31 orc warriors
  2 ice beasts (D:5)
  4 black bears
  14 ogres
  14 wolves
  7 centaurs
  2 kobold brigands (D:10)
  Blork the orc (D:4)
  15 bullfrogs
  4 gnoll sergeants
  8 scorpions
  9 killer bees
  3 howler monkeys (D:8)
  5 electric eels
  2 lava snakes (Volcano)
  4 centaur zombies (Ossuary)
  2 hounds
  5 jellies
  17 orc priests
  2 human zombies (Ossuary)
  2 gnoll boudas
  30 orc wizards
  5 scorpion zombies (Ossuary)
  Terence (D:2)
  3 iguanas
  7 hell rats
  4 mummies
  12 adders
  17 gnolls
  2 river rats (Sewer)
  An ufetubus (D:5)
  2 dart slugs
  98 orcs
  5 ball pythons
  12 endoplasms
  5 giant cockroaches
  4 goblins
  6 hobgoblins
  5 jackals
  3 quokkas
  10 frilled lizards
  3 gnoll zombies (Ossuary)
  2 goblin zombies (Ossuary)
  A hobgoblin zombie (Ossuary)
  7 kobolds
  2 kobold zombies (Ossuary)
  11 rats
652 creatures vanquished.

Vanquished Creatures (collateral kills)
  Lodul (D:11)
  A cane toad (Lair:3)
  A tyrant leech (Lair:5)
  A yak (Lair:5)
  A warg (Orc:1)
  2 ogres
  A gnoll (Orc:2)
  5 orcs
13 creatures vanquished.

Vanquished Creatures (others)
  A bush (Lair:4)
  45 fungi
  111 plants
157 creatures vanquished.

Grand Total: 822 creatures vanquished

Notes
Turn   | Place    | Note
-------+----------+-------------------------------------------
     0 | D:1      | iguanaiguana the Kobold Hunter began the quest for the Orb.
     0 | D:1      | Reached XP level 1. HP: 12/12 MP: 1/1
     5 | D:1      | Noticed an electric eel
    36 | D:1      | Found Hegu's Book Emporium.
   144 | D:1      | Reached XP level 2. HP: 17/17 MP: 2/2
   204 | D:1      | Found Gagytr Ygopn's Weapon Shop.
   303 | D:1      | Found Maaf's Magic Scroll Boutique.
   336 | D:1      | Reached XP level 3. HP: 21/21 MP: 3/3
   357 | D:1      | Found Ycarota's Antique Armour Emporium.
   470 | D:1      | Found a faded altar of an unknown god.
   790 | D:2      | Noticed Terence
   797 | D:2      | Killed Terence
   798 | D:2      | Reached XP level 4. HP: 6/26 MP: 4/4
  1059 | D:2      | Found Taleuris's One-of-a-Kind Rings.
  1654 | D:2      | Reached XP level 5. HP: 30/30 MP: 5/5
  2361 | D:1      | Bought a bloodstained robe for 159 gold pieces
  2361 | D:1      | Identified the +2 robe of Vefoonoa {rElec rPois rC-
                  | Archmagi} (You bought it in a shop on level 1 of the
                  | Dungeon)
  2953 | D:4      | Noticed Blork the orc
  3095 | D:4      | Reached XP level 6. HP: 36/36 MP: 6/6
  3147 | D:4      | Noticed Edmund
  3167 | D:4      | Killed Blork the orc
  3203 | D:4      | Killed Edmund
  3204 | D:4      | Reached skill level 10 in Ranged Weapons
  3204 | D:4      | Reached XP level 7. HP: 28/40 MP: 7/7
  3315 | D:4      | Identified the +2 leather armour "Qaocw" {Str+2}
  3541 | D:5      | Entered Level 5 of the Dungeon
  3573 | D:5      | Found a sand-covered staircase.
  3611 | Ossuary  | Entered an ossuary
  3857 | Ossuary  | Reached skill level 5 in Dodging
  3955 | Ossuary  | Reached XP level 8. HP: 34/48 MP: 8/8
  4054 | Ossuary  | Reached skill level 2 in Stealth
  4062 | Ossuary  | Reached skill level 3 in Stealth
  4070 | Ossuary  | Reached skill level 4 in Stealth
  4169 | Ossuary  | Reached skill level 5 in Stealth
  4237 | Ossuary  | Reached skill level 6 in Stealth
  4474 | D:5      | Identified the +12 short sword of Crystal {pain, rElec
                  | rPois}
  4531 | D:5      | Reached skill level 5 in Short Blades
  4584 | D:5      | Reached XP level 9. HP: 42/52 MP: 9/9
  4688 | D:5      | Noticed Menkaure
  4692 | D:5      | Killed Menkaure
  4845 | D:5      | Reached skill level 7 in Stealth
  4919 | D:5      | Found a runed translucent door.
  4934 | D:5      | Noticed Maxmaps's ghost (novice DsGl)
  4938 | D:5      | Killed Maxmaps's ghost
  4939 | D:5      | Reached skill level 9 in Stealth
  5267 | D:5      | Reached skill level 10 in Stealth
  5609 | D:6      | Found a glowing drain.
  5659 | Sewer    | Entered a sewer
  6613 | D:7      | Reached XP level 10. HP: 56/56 MP: 10/10
  6652 | D:7      | Noticed a cyclops
  6804 | D:7      | Found a staircase to the Ecumenical Temple.
  6810 | Temple   | Entered the Ecumenical Temple
  6870 | Temple   | Became a worshipper of the Wu Jian Council
  6949 | D:7      | Reached skill level 10 in Short Blades
  7154 | D:7      | Killed a cyclops
  7155 | D:7      | Reached skill level 5 in Fighting
  7215 | D:7      | Found a runed translucent gate.
  7216 | D:7      | Found a runed translucent gate.
  7216 | D:7      | Noticed a kobold demonologist
  7216 | D:7      | Noticed hehateme's ghost (novice GnFi)
  7217 | D:7      | Found a runed translucent gate.
  8065 | D:8      | Found a staircase to the Lair.
  8280 | D:8      | Found a white marble altar of Elyvilon.
  8291 | D:8      | Found a hazy altar of Hepliaklqana.
  8307 | D:8      | Reached * piety under Wu Jian
  8384 | D:8      | Reached XP level 11. HP: 68/68 MP: 11/11
  8897 | D:9      | Learned a level 2 spell: Blink
  8944 | D:9      | Noticed a two-headed ogre
  9031 | D:9      | Noticed a wizard
  9453 | D:9      | Found a large runed translucent door.
  9453 | D:9      | Found a large runed translucent door.
  9564 | D:9      | Killed a two-headed ogre
  9565 | D:9      | Reached skill level 10 in Dodging
  9711 | D:10     | Entered Level 10 of the Dungeon
  9849 | D:10     | Reached ** piety under Wu Jian
  9850 | D:10     | Reached skill level 1 in Air Magic
  9874 | D:10     | Reached skill level 1 in Spellcasting
  9874 | D:10     | Reached skill level 1 in Summonings
 10382 | D:10     | Found a staircase to the Orcish Mines.
 10722 | D:10     | Noticed a centaur warrior
 10724 | D:10     | Killed a centaur warrior
 10912 | D:10     | Reached XP level 12. HP: 67/76 MP: 16/16
 11186 | D:10     | Found a blossoming altar of Fedhas.
 11325 | Lair:1   | Entered Level 1 of the Lair of Beasts
 11329 | Lair:1   | Reached *** piety under Wu Jian
 11339 | Lair:1   | Learned a level 4 spell: Summon Lightning Spire
 11364 | Lair:1   | Learned a level 3 spell: Mephitic Cloud
 11447 | Lair:1   | Noticed a fire dragon
 11452 | Lair:1   | Killed a fire dragon
 11453 | Lair:1   | Reached skill level 1 in Conjurations
 11453 | Lair:1   | Reached skill level 1 in Poison Magic
 11516 | Lair:1   | Reached skill level 5 in Air Magic
 11579 | Lair:1   | Reached skill level 10 in Fighting
 12169 | Lair:1   | Noticed Maggie
 12181 | Lair:1   | Killed Maggie
 12621 | Lair:2   | Noticed a five-headed hydra
 12623 | Lair:2   | Killed a five-headed hydra
 12712 | Lair:2   | Reached XP level 13. HP: 83/83 MP: 19/19
 13360 | Lair:2   | Reached **** piety under Wu Jian
 14066 | Lair:3   | Found an iron altar of Okawaru.
 14082 | Lair:3   | Reached skill level 5 in Summonings
 14719 | Lair:3   | Noticed Gastronok
 14722 | Lair:3   | Killed Gastronok
 15130 | Lair:3   | Found a hole to the Spider Nest.
 15261 | Lair:3   | Found a staircase to the Shoals.
 16543 | Lair:4   | Reached XP level 14. HP: 53/90 MP: 13/20
 16824 | Lair:4   | Reached skill level 10 in Summonings
 17178 | Lair:4   | Reached skill level 11 in Stealth
 17373 | Lair:4   | Reached skill level 12 in Stealth
 17752 | Lair:5   | Entered Level 5 of the Lair of Beasts
 17759 | Lair:5   | Reached skill level 13 in Stealth
 17978 | Lair:4   | Reached ***** piety under Wu Jian
 18283 | Lair:4   | Reached skill level 14 in Stealth
 18908 | Lair:5   | Reached skill level 15 in Stealth
 18917 | Lair:5   | Reached skill level 1 in Evocations
 18988 | Lair:5   | Found a viscous altar of Jiyva.
 18989 | Lair:5   | Found a staircase to the Slime Pits.
 19730 | Lair:5   | Reached skill level 5 in Evocations
 19997 | Lair:5   | Reached XP level 15. HP: 48/95 MP: 16/21
 21144 | D:11     | Noticed Maurice
 21146 | D:11     | Killed Maurice
 21163 | D:11     | Noticed Lodul
 21180 | D:11     | Killed Lodul
 21370 | D:11     | Noticed Psyche
 21388 | D:11     | Killed Psyche
 22339 | D:12     | Found Cuuca's Book Shoppe.
 22956 | Orc:1    | Entered Level 1 of the Orcish Mines
 22961 | Orc:1    | Reached skill level 5 in Spellcasting
 22989 | Orc:1    | Noticed an orc warlord
 23000 | Orc:1    | Killed an orc warlord
 23287 | Orc:1    | Noticed Snorg
 23398 | Orc:1    | Killed Snorg
 23628 | Orc:1    | Noticed Nergalle
 23650 | Orc:1    | Killed Nergalle
 23757 | Orc:1    | Found Bytip's General Store.
 24142 | Orc:2    | Entered Level 2 of the Orcish Mines
 24164 | Orc:2    | Reached ****** piety under Wu Jian
 24313 | Orc:2    | Found a dark tunnel.
 24320 | Volcano  | Entered a volcano
 24658 | Volcano  | Found a bloodstained altar of Trog.
 24835 | Volcano  | Found the +3 hat of Pondering {ponderous, Will+ MP+10
                  | Int+5}
 25565 | D:1      | Bought a book of Burglary for 220 gold pieces
 25570 | D:1      | Learned a level 4 spell: Airstrike
 25673 | D:2      | Bought a +7 ring of protection for 1242 gold pieces
 25944 | Orc:1    | Learned a level 3 spell: Swiftness
 25960 | Orc:2    | Noticed Sonja
 26130 | Orc:2    | Sonja changed into Sonja the polar bear
 26130 | Orc:2    | Noticed Sonja
 26139 | Orc:2    | Killed Sonja the polar bear
 26318 | Orc:2    | Slain by an orc high priest

Illustrated notes

Levels and vault maps discovered:
D:1:      arrival_aquarium_a, layout_rooms,
          hellmonk_ecumenical_altar_prayer_group, serial_shops,
          nicolae_shop_stone, nicolae_lakefront_shop, nicolae_shop_crystal, shop
D:2:      layout_basic, nicolae_shop_unique_rings, chequers_garden,
          interstate_on_off, uniq_terence
D:3:      layout_loops_ring, glass_columns_c
D:4:      layout_rooms, serial_glass, glass_columns_c, glass_columns_a,
          uniq_blork_the_orc, uniq_edmund
D:5:      layout_basic, gup_ossuary_entry_pyramid,
          ebering_ghost_reflecting_pool, kennysheep_potato, uniq_menkaure
D:6:      layout_basic, portal_sewer_entry_b, minivault_27
D:7:      layout_rooms, minmay_temple_entry_waves, gammafunk_ghost_nasty_kobolds
D:8:      layout_gridville, mainiacjoe_overflow_big_doors,
          minmay_lair_entry_grove
D:9:      layout_long_grid, ebering_ghost_disaster_area, grunt_ministairs_10,
          lightli_wizard_tower
D:10:     layout_roguey, kennysheep_little_box,
          kennysheep_orc_monster_closet_entryway, minivault_20
D:11:     layout_rooms, serial_glass, glass_columns_a, glass_columns_c,
          glass_columns_b, glass_columns_c, glass_columns_a, glass_columns_c,
          glass_columns_a, glass_columns_b, hangedman_decor_opposing,
          uniq_psyche, uniq_lodul, uniq_maurice
D:12:     layout_loops_ring, serial_shops, shop, corexii_hall_statues_s,
          nicolae_concentric_dashed_squares_mild
Temple:   hellmonk_temple_of_storms
Lair:1:   dragon1_lemuel, layout_gridlike, grunt_megastairs_2, uniq_maggie
Lair:2:   minmay_lair_oklob_chamber, layout_concentric_octagons,
          minmay_lindwurm_lava, grunt_megastairs_5
Lair:3:   layout_loops_ring, elwin_shoals_entry_rooms,
          spider_nest_entry_funnel_web, basic_altar, minivault_19, minivault_26,
          dreamdust_gnoll_shepherd, uniq_gastronok
Lair:4:   layout_cave_pods, nicolae_lair_grazing_beasts
          [nicolae_sub_lair_graze_edge, nicolae_sub_lair_graze_edge,
          nicolae_sub_lair_graze_edge, nicolae_sub_lair_graze_edge],
          grunt_megastairs_4, serial_bayou_shore_b
Lair:5:   minmay_lair_end_frog_pond, layout_regular_city,
          dpeg_slime_entry_enclosed, lemuel_fruit_tree
Orc:1:    layout_caves, serial_shops, nicolae_shop_crystal, uniq_nergalle,
          uniq_snorg
Orc:2:    grunt_orc_tribal_feast, layout_caves, enter_volcano_2, mines2_lemuel,
          uniq_sonja

Skill      XL: |  1  2  3  4  5  6  7  8  9 10 11 12 13 14 15 |
---------------+----------------------------------------------+-----
Ranged Weapons | 6 7 8 10 | 10.0
Dodging        | 5 6 8 10 | 10.0
Fighting       | 4 8 9 10 11 | 11.6
Stealth        | 6 10 15 | 15.0
Short Blades   | 5 8 10 | 10.0
Translocations | 4 |  4.0
Air Magic      | 3 6 8 |  8.0
Spellcasting   | 3 4 8 |  8.0
Summonings     | 3 4 9 10 12 | 12.3
Conjurations   | 3 4 |  4.0
Poison Magic   | 3 4 |  4.0
Evocations     | 6 8 |  8.0

Action                   |  1- 3 |  4- 6 |  7- 9 | 10-12 | 13-15 || total
-------------------------+-------+-------+-------+-------+-------++-------
Melee: Dagger            |       |       |   208 |   492 |       ||   700
       Punch             |       |       |     4 |    12 |    14 ||    30
       Short sword       |       |       |       |    59 |  1073 ||  1132
 Fire: Shortbow          |    50 |   104 |   255 |       |       ||   409
Throw: Throwing net      |       |       |       |     9 |     4 ||    13
       Boomerang         |       |       |       |     1 |       ||     1
       Dart              |       |       |       |       |     1 ||     1
 Cast: Blink             |       |       |       |     2 |     1 ||     3
       Mephitic Cloud    |       |       |       |     3 |    87 ||    90
       Summon Lightning  |       |       |       |       |    45 ||    45
Invok: Lunge             |       |       |       |    64 |   101 ||   165
       Whirlwind         |       |       |       |    12 |    98 ||   110
       Serpent's Lash    |       |       |       |     1 |     4 ||     5
       Heavenly Storm    |       |       |       |       |     1 ||     1
Evoke: Wand              |       |     3 |     3 |     3 |    10 ||    19
  Use: Potion            |     1 |       |     1 |     3 |     7 ||    12
       Scroll            |       |     6 |    10 |     5 |    11 ||    32
 Stab: Sleeping          |       |       |    25 |    49 |    57 ||   131
       Held in net/web   |       |       |       |     4 |     5 ||     9
       Distracted        |       |       |       |     4 |    17 ||    21
       Confused          |       |       |       |     4 |   101 ||   105
       Paralysed         |       |       |       |       |     1 ||     1
       Invisible         |       |       |       |       |     1 ||     1
Armor: Leather armour    |     1 |     6 |       |    15 |    61 ||    83
       Robe              |       |     9 |    78 |    40 |     8 ||   135
       Troll leather arm |       |       |       |       |    13 ||    13
Dodge: Dodged            |    19 |    51 |   291 |   300 |   721 ||  1382

Table legend: (Time is in decaauts)
 A = Elapsed time spent in this place.
 B = Non-inter-level travel time spent in this place.
 C = Inter-level travel time spent in this place.
 D = Time resting spent in this place.
 E = Time spent auto-exploring this place.
 F = Levels seen in this place.
 G = Mean time per level.
                   A        B        C        D        E       F      G
               +--------+--------+--------+--------+--------+-----+--------+
         Total |  26000 |  24005 |   1995 |   2641 |  16810 |  23 | 1130.4 |
       Dungeon |  13150 |  11576 |   1574 |   1147 |   8393 |  12 | 1095.8 |
        Temple |     73 |     61 |     12 |      0 |     27 |   1 |   73.0 |
          Lair |   9399 |   9091 |    308 |   1465 |   6435 |   5 | 1879.8 |
  Orcish Mines |   1389 |   1288 |    101 |      0 |    781 |   2 |  694.5 |
         Sewer |    356 |    356 |      0 |      0 |    188 |   1 |  356.0 |
       Ossuary |    688 |    688 |      0 |     11 |    380 |   1 |  688.0 |
       Volcano |    941 |    941 |      0 |     18 |    603 |   1 |  941.0 |
               +--------+--------+--------+--------+--------+-----+--------+

Top non-repeatable levels by time:
  Lair:4: 2989 daAuts
  Lair:3: 1981 daAuts
  Lair:5: 1968 daAuts
    D:10: 1799 daAuts
  Lair:2: 1460 daAuts
     D:8: 1213 daAuts
     D:6: 1200 daAuts
     D:5: 1171 daAuts
     D:9: 1135 daAuts
     D:2: 1131 daAuts
     D:1: 1107 daAuts
  Lair:1: 999 daAuts
     D:3: 972 daAuts
    D:11: 942 daAuts
 Volcano: 941 daAuts
